 Dungeon Crawl Stone Soup version 0.26-a0-712-ga5a9c9c9d0 (webtiles) character file.

Game seed: 6091201204741005253

695045 Azzok the Axe Maniac (level 27, -7/233 HPs)
             Began as a Demonspawn Berserker on Nov 10, 2020.
             Was the Champion of Trog.
             Mangled by a juggernaut (9 damage)
             ... on level 14 of a ziggurat on Nov 11, 2020.
             The game lasted 02:26:05 (67917 turns).

Azzok the Axe Maniac (Demonspawn Berserker)        Turns: 67917, Time: 02:26:06

Health: -7/233     AC: 42    Str: 29    XL:     27
Magic:  7/7        EV: 21    Int: 11    God:    Trog [******]
Gold:   4623       SH:  0    Dex: 14    Spells: 26/26 levels left

rFire    + . .     SeeInvis +   F - +9 executioner's axe (antimagic)
rCold    + + +     Faith    .   (shield currently unavailable)
rNeg     . . .     Spirit   .   a - +4 crystal plate armour of the Forest {Regen+ Dex+4}
rPois    +         Reflect  .   n - +1 helmet of Heresy {rPois Regen+}
rElec    +         Harm     .   L - scarf {rC+ rF+}
rCorr    +         Rampage  .   (gloves unavailable)
MR       +++++                  j - +3 pair of boots "Ejepuq" {MR+ rCorr}
Stlth    ..........             U - amulet of the Leaf {+Inv rC+++ Regen+ Dex-3 Slay+3}
HPRegen  8.68/turn              t - ring "Suvazo" {rC+ SInv Stlth+}
MPRegen  0.10/turn              M - ring of the Mage {Wiz MR++ Int+3}

@: mighty, agile, studying Invocations
A: claws 3, thin metallic scales 3, dopey 1, powered by death 3, powered by pain
3, augmentation 3
}: 4/15 runes: serpentine, barnacled, silver, abyssal
a: Berserk, Trog's Hand, Brothers in Arms, Renounce Religion, Evoke Invisibility


You were on level 14 of a ziggurat.
You worshipped Trog.
Trog was exalted by your worship.
You visited 9 branches of the dungeon, and saw 49 of its levels.
You visited the Abyss 2 times.
You visited 1 bazaar.
You visited 1 ziggurat, and saw 14 of its levels.
You also visited: Trove, Gauntlet and Ice Cave.

You collected 8884 gold pieces.
You spent 4261 gold pieces at shops.

Inventory:

Hand Weapons
 E - a +6 executioner's axe
 F - a +9 antimagic executioner's axe (weapon)
 R - a +6 executioner's axe of draining
Missiles
 l - 24 javelins
 G - 9 throwing nets (quivered)
 K - 42 silver javelins
Armour
 a - the +4 crystal plate armour of the Forest (worn) {Regen+ Dex+4}
   (You found it in a treasure trove)

   It affects your dexterity (+4).
   It increases your rate of regeneration.
 j - the +3 pair of boots "Ejepuq" (worn) {MR+ rCorr}
   (You acquired it on level 3 of the Vaults)

   It affects your resistance to hostile enchantments.
   It provides partial protection from all sources of acid and corrosion.
 n - the +1 helmet of Heresy (worn) {rPois Regen+}
   (You found it in a treasure trove)

   It protects you from poison.
   It increases your rate of regeneration.
 J - the +0 helmet of Seliliucs {rElec MP+9 Int+3}
   (You found it on level 8 of a ziggurat)

   It affects your intelligence (+3).
   It insulates you from electricity.
   It affects your magic capacity (+9).
 L - a scarf of resistance (worn)
Jewellery
 o - an uncursed ring of protection from fire
 t - the ring "Suvazo" (left claw) {rC+ SInv Stlth+}
   (You found it on level 2 of the Depths)

   [ring of stealth]

   It protects you from cold.
   It lets you see invisible.
   It makes you more stealthy.
 z - an uncursed ring of protection from cold
 D - an uncursed ring of protection from magic
 I - the amulet "Boipen" {Reflect Fragile rN+++ Slay+4 SH+5}
   (You found it on level 11 of a ziggurat)

   [amulet of reflection]

   It shields you and reflects attacks.
   It affects your accuracy and damage with ranged weapons and melee attacks
   (+4).
   It renders you almost immune to negative energy.
   It will be destroyed if unequipped.
   It affects your SH (+5).
 M - the ring of the Mage (right claw) {Wiz MR++ Int+3}
   (You bought it in a shop on level 1 of the Vaults)

   [ring of wizardry]

   It improves your spell success rate.
   It affects your intelligence (+3).
   It affects your resistance to hostile enchantments.
 U - the amulet of the Leaf (around neck) {+Inv rC+++ Regen+ Dex-3 Slay+3}
   (You found it on level 9 of a ziggurat)

   [amulet of regeneration]

   It affects your dexterity (-3).
   It affects your accuracy and damage with ranged weapons and melee attacks
   (+3).
   It renders you almost immune to cold.
   It lets you turn invisible.
   It increases your rate of regeneration.
 X - an uncursed ring of poison resistance
Wands
 r - a wand of iceblast (100)
 y - a wand of digging (31)
 A - a wand of disintegration (33)
 H - a wand of acid (95)
Scrolls
 b - a scroll of summoning
 d - 10 scrolls of immolation
 e - 12 scrolls of fog
 g - 16 scrolls of fear
 i - 32 scrolls of remove curse
 k - 36 scrolls of teleportation
 m - 4 scrolls of silence
 p - 15 scrolls of identify
 s - 13 scrolls of enchant weapon
 v - 6 scrolls of enchant armour
 x - 7 scrolls of magic mapping
 O - 2 scrolls of blinking
Potions
 c - 6 potions of haste
 f - 8 potions of lignification
 h - 25 potions of curing
 q - 8 potions of cancellation
 u - 2 potions of resistance
 w - 17 potions of heal wounds
 B - 5 potions of magic
 C - 8 potions of ambrosia
 N - 6 potions of might
 P - 6 potions of stabbing
 Q - 7 potions of flight
 Y - 5 potions of invisibility
 Z - 15 potions of mutation {!q}
Books
 T - a manual of Invocations
Miscellaneous
 S - a phantom mirror


   Skills:
 + Level 22.7 Fighting
 O Level 27 Axes
 - Level 22.0 Throwing
 + Level 20.0 Armour
 + Level 18.2 Dodging
   Level 4.0 Shields
 + Level 8.4 Evocations


You had 26 spell levels left.
You didn't know any spells.
Your spell library was empty.

Dungeon Overview and Level Annotations

Branches:
Dungeon (15/15)            Temple (0/1) D:7            Lair (6/6) D:10
 Shoals (4/4) Lair:4        Snake (4/4) Lair:3        Slime (0/5) Lair:5
    Orc (2/2) D:10            Elf (3/3) Orc:2        Vaults (5/5) D:13
  Crypt (0/3) Vaults:2     Depths (5/5) D:15            Zot (5/5) Depths:5
  IceCv (visited)         Gauntlet (visited)

Altars:
Dithmenos
Fedhas
Gozag
Hepliaklqana
Kikubaaqudgha
Makhleb
Okawaru
Qazlal
Ru
Trog
Wu Jian
Zin
The Shining One
Beogh
Lugonu

Shops:
D:5 [   D:6 *   D:7 *?   D:13 }   Orc:2 !*(}*   Elf:3 (   Shoals:1 *?
Snake:1 }=}   Vaults:1 *   Vaults:2 [*   Vaults:3 (   Vaults:4 *   Vaults:5 }
Depths:2 *

Portals:
Hell: Lair:6 Depths:1 Depths:2 Depths:3 Depths:4 Depths:5
Abyss: Lair:2 Depths:4
Pandemonium: Depths:2 Depths:3

Annotations:
Lair:2 2 transporters, PanSaczeczos's ghost, journeyman DrCj
Lair:3 3 runed translucent doors, Kiuman's ghost, journeyman TeAE; Siteim's ghost, journeyman MiAK; Wuut Fui's ghost, journeyman DECj
Shoals:1 4 transporters, exclusion: orange crystal statue, Buowofek's ghost, journeyman MiFi
Depths:3 exclusion: titan
Zot:5 1 exclusion


Innate Abilities, Weirdness & Mutations

You have claws for hands.
You are completely covered in thin metallic scales. (AC +4, rElec)
You regenerate a lot of health from kills.
You are powered by pain.
Your magical and physical power is greatly enhanced at high health.
You are dopey. (Int -2)


Message History

The ogre looks frightened!
The iron troll resists with some effort.
The orc warrior closely misses you.
The iron troll bites you but does no damage.
The iron troll claws you!
* * * LOW HITPOINT WARNING * * *
You focus on the pain.
You feel very mighty all of a sudden.
The iron troll claws you but does no damage.
The orc wizard mumbles some strange words.
The orc wizard blinks!
The orc wizard gestures wildly while chanting.
The orc wizard flickers and vanishes for a moment.
The stone giant closely misses you. The ogre closely misses you. x2
The juggernaut hits you!!
* * * LOW HITPOINT WARNING * * *
You focus on the pain.
You feel more agile all of a sudden. The juggernaut hits you!
You die...

··············▓▓▓
················▓▓
·················▓
y················▓▓
··················▓
·····o·T·T········▓
···o····COO·······▓▓
·····oT·C@······∩··▓
····o·yoTo········▓▓
····o···4o········▓
····o·O···········▓
····ho·4·········▓▓
·················▓
················▓▓
··············▓▓▓


You could see a juggernaut (berserk), an orc warlord (fleeing), 2 iron trolls, a
stone giant (berserk), an orc knight, 2 orc high priests, a moth of wrath
(fleeing), 2 trolls, 2 chaos spawn, a warg (fleeing), 3 orc warriors, 3 ogres,
an orc priest (fleeing) and 2 orc wizards.

Vanquished Creatures
  Mennas (Vaults:4)
  Mara (Vaults:2)
  4 ancient liches
  10 juggernauts
  Sojobo (Vaults:4)
  Frederick (Depths:5)
  Bai Suzhen (Vaults:3)
  8 caustic shrikes
  2 curse toes
  Nikola (Snake:3)
  the Enchantress (Depths:3)
  5 golden dragons
  3 liches
  An iron giant (Zig:10)
  3 electric golems
  Rupert (D:14)
  An Ice Fiend (IceCv)
  5 Orb Guardians (Zot:5)
  11 tentacled monstrosities
  Jorgrun (Orc:2)
  2 deep elf master archers (Elf:3)
  3 titans
  3 deep elf blademasters
  A quicksilver dragon (shapeshifter) (Vaults:5)
  4 quicksilver dragons
  6 acid blobs
  3 death cobs
  3 tentacled starspawn
  Gastronok (Lair:1)
  2 sphinxes (Vaults:5)
  Kirke (Lair:5)
  12 shadow dragons
  15 nagarajas
  7 tengu reavers
  7 storm dragons
  An azure jelly (Zig:5)
  5 draconian monks
  18 fire giants
  Ilsuiw (Shoals:3)
  8 deep elf sorcerers
  3 orc warlords
  15 vault wardens
  5 draconian knights
  11 frost giants
  6 iron dragons
  4 balrugs
  4 ghost moths
  Aizul (Snake:1)
  6 draconian scorchers
  A deep elf elementalist (Elf:3)
  2 juggernaut zombies
  An angel (Abyss:3)
  6 draconian stormcallers
  A caustic shrike zombie (Depths:1)
  4 draconian shifters
  5 draconian annihilators
  2 bennus (Zig:3)
  3 war gargoyles
  3 spriggan defenders (Depths:3)
  3 reapers
  2 entropy weavers (Vaults:1)
  2 ophanim (Abyss:3)
  27 stone giants
  5 vampire knights
  A caustic shrike skeleton (Depths:1)
  18 very ugly things
  22 ironheart preservers
  Nessos (Lair:5)
  8 deep elf demonologists
  12 green draconians
  The ghost of Zenexuts the Cleaver, a journeyman DsFi of Okawaru (D:14)
  9 black draconians
  11 deep elf annihilators
  10 white draconians
  11 red draconians
  7 spark wasps (Depths:2)
  The ghost of Yendr0 the Cleaver, a journeyman DDFi of Makhleb (D:12)
  10 purple draconians
  14 yellow draconians
  A minotaur (shapeshifter) (Depths:2)
  16 ettins
  4 merfolk javelineers
  A minotaur (Gauntlet)
  11 deep elf death magi
  An ettin (shapeshifter) (Depths:2)
  A crystal guardian (Zig:6)
  A jiangshi (Vaults:2)
  Snorg (Lair:4)
  9 merfolk impalers
  3 blizzard demons
  A green death (Zig:1)
  14 fire dragons
  11 hydras
  The ghost of p0werm0de the Fighter, a journeyman MiFi of Cheibriados (D:11)
  21 yaktaur captains
  Erolcha (D:11)
  4 deep elf high priests
  10 naga warriors
  A hydra (shapeshifter) (Vaults:4)
  6 alligator snapping turtles
  10 great orbs of eyes
  12 boulder beetles
  42 vault guards
  5 rakshasas
  8 ice dragons
  A catoblepas (Depths:4)
  2 hell beasts
  6 merfolk aquamancers
  Harold (Lair:1)
  13 anacondas
  An anaconda (shapeshifter) (Vaults:4)
  6 merfolk avatars
  3 spriggan air magi
  4 satyrs
  36 dancing weapons
  12 centaur warriors
  45 two-headed ogres
  4 death knights
  14 ogre magi
  A death scarab (Zig:3)
  13 deep troll shamans
  4 tengu warriors
  4 spriggan berserkers
  4 vampire magi
  7 orc high priests
  6 deep troll earth magi
  5 death yaks
  Urug (Lair:3)
  24 naga sharpshooters
  4 sun demons
  6 shock serpents
  A storm dragon zombie (Depths:2)
  19 deep elf knights
  8 soul eaters
  2 wretched stars (Depths:2)
  2 salamander mystics
  10 hell knights
  6 large abominations
  6 shadow wraiths
  9 skeletal warriors
  A death drake (shapeshifter) (Vaults:4)
  10 iron trolls
  A spark wasp zombie (Zig:10)
  13 sea snakes
  A sea snake (shapeshifter) (Vaults:5)
  7 wizards
  2 glowing orange brains
  32 deep trolls
  2 quicksilver dragon simulacra (Depths:5)
  A spatial maelstrom (Abyss:3)
  2 cherubim (Abyss:3)
  4 flayed ghosts
  14 orc knights
  A golden dragon zombie (Zig:8)
  21 deep elf archers
  A sphinx zombie (Zig:8)
  8 naga ritualists
  13 ironbrand convokers
  3 obsidian statues (Zig:6)
  20 harpies
  A small abomination (Vaults:4)
  3 lindwurms (Depths:4)
  8 orc sorcerers
  5 phantasmal warriors
  An orb spider (shapeshifter) (Elf:1)
  2 shadow dragon skeletons
  A shining eye (shapeshifter) (Depths:5)
  2 orb spiders (Depths:4)
  3 oklob plants
  5 necromancers
  A wolf spider (shapeshifter) (Elf:3)
  61 deep elf magi
  11 mana vipers
  A shining eye (Zig:5)
  2 wolf spiders
  28 fauns
  9 cyclopes
  14 moths of wrath
  An iron dragon zombie (Vaults:4)
  8 salamanders
  A sphinx skeleton (Vaults:4)
  A stone giant zombie (Depths:1)
  A spriggan zombie (Depths:2)
  13 merfolk sirens
  61 ugly things
  2 worldbinders
  2 elf zombies (Zig:10)
  2 guardian serpents
  13 manticores
  11 rust devils
  An apocalypse crab (Depths:2)
  9 elephants
  23 naga magi
  13 vault sentinels
  3 ice statues
  A torpor snail (Zig:6)
  An eye of devastation (shapeshifter) (Zig:11)
  3 water nymphs
  A guardian serpent (shapeshifter) (Depths:4)
  40 black mambas
  A smoke demon (Abyss:3)
  2 spriggan skeletons (Zig:8)
  2 eyes of devastation
  An orange demon (Lair:6)
  A gargoyle (D:15)
  17 cane toads
  8 rime drakes
  Maggie (D:9)
  17 freezing wraiths
  A komodo dragon (shapeshifter) (Vaults:3)
  70 yaktaurs
  A rime drake (shapeshifter) (Depths:1)
  A yaktaur zombie (Vaults:4)
  3 efreet (Depths:5)
  3 anaconda simulacra (IceCv)
  9 komodo dragons
  15 ice devils
  13 trolls
  3 red devils
  5 tengu conjurers
  23 merfolk
  A hellwing (Lair:6)
  A meliai (D:11)
  6 polar bears
  3 hornets
  7 dream sheep (Shoals:2)
  9 wind drakes
  A hornet (shapeshifter) (Vaults:4)
  A bog body (Zig:1)
  7 blink frogs
  17 slime creatures
  12 snapping turtles
  2 blink frogs (shapeshifter)
  A meliai zombie (D:14)
  3 flying skulls
  4 shadows
  3 tarantellas
  2 spriggans
  2 air elementals
  A fire dragon skeleton (Zig:3)
  A tarantella (shapeshifter) (Vaults:5)
  14 wraiths
  9 wyverns
  A vampire (D:11)
  21 water elementals
  A wyvern (shapeshifter) (Vaults:3)
  2 dire elephant simulacra (IceCv)
  A hog (Lair:5)
  A fire bat (shapeshifter) (Vaults:4)
  4 basilisks
  5 fire elementals
  7 vampire mosquitoes
  64 yaks
  A chaos spawn (Depths:3)
  39 nagas
  8 harpy simulacra (IceCv)
  5 wargs
  A human zombie (Zig:8)
  3 iron troll simulacra (IceCv)
  8 hell hounds
  2 soldier ants (D:14)
  2 acid dragons
  3 hydra simulacra (IceCv)
  9 water moccasins
  Duvessa (D:5)
  4 floating eyes
  59 orc warriors
  An eye of draining (Zig:7)
  4 phantoms
  2 sky beasts
  A necrophage (D:14)
  10 boggarts
  An ice beast (D:14)
  7 wolves
  46 ogres
  4 ettin simulacra (Depths:5)
  26 centaurs
  A big kobold (D:7)
  A big kobold (shapeshifter) (D:13)
  2 earth elementals (Elf:3)
  A human skeleton (Vaults:4)
  20 bullfrogs
  3 scorpions
  A wyvern skeleton (D:13)
  Dowan (D:5)
  A swamp dragon simulacrum (IceCv)
  4 killer bees (D:13)
  A wight (D:11)
  A tengu skeleton (Depths:2)
  A howler monkey (D:8)
  An electric eel (Lair:6)
  A centaur zombie (D:10)
  2 jellies
  6 starcursed masses (Depths:2)
  A quasit (D:13)
  4 iron imps
  26 orc priests
  A gnoll shaman (D:9)
  9 hounds
  3 bullfrog skeletons
  5 iguanas
  2 centaur skeletons
  Ijyb (D:3)
  29 orc wizards
  A polar bear simulacrum (IceCv)
  10 worker ants
  4 troll simulacra (IceCv)
  A spriggan simulacrum (IceCv)
  3 centaur simulacra (IceCv)
  2 hound zombies (D:9)
  4 mummies
  A howler monkey zombie (D:10)
  9 gnolls
  A gnoll (shapeshifter) (Vaults:5)
  16 adders
  3 naga simulacra (IceCv)
  2 ogre simulacra (IceCv)
  5 shadow imps
  18 white imps
  12 ufetubi
  2 adder zombies
  An adder skeleton (D:5)
  4 worms
  3 dart slugs
  6 leopard geckos
  114 orcs
  4 ball pythons
  8 bats
  5 giant cockroaches
  8 goblins
  13 hobgoblins
  21 jackals
  6 quokkas
  5 frilled lizards
  A jackal skeleton (D:4)
  7 kobolds
  4 quokka skeletons
  6 rats
  4 bushes (Elf:2)
  2 crawling corpses (Vaults:2)
  5 starspawn tentacles (Depths:2)
2543 creatures vanquished.

Vanquished Creatures (others)
  A draconian knight (Zot:3)
  A very ugly thing (Vaults:3)
  A vampire mage (Vaults:4)
  An orb spider (Depths:4)
  A deep elf mage (Vaults:1)
  An elephant (shapeshifter) (Vaults:4)
  5 humans (Lair:5)
  2 bushes (Lair:2)
  32 fungi
  78 plants
  5 starspawn tentacles
128 creatures vanquished.

Grand Total: 2671 creatures vanquished

Notes
Turn   | Place    | Note
-------+----------+-------------------------------------------
     0 | D:1      | Azzok the Demonspawn Berserker began the quest for the Orb.
     0 | D:1      | Reached XP level 1. HP: 18/18 MP: 1/1
    47 | D:1      | Reached skill level 3 in Axes
   235 | D:1      | Gained mutation: You regenerate a little health from kills.
                  | [demonic ancestry]
   235 | D:1      | Reached XP level 2. HP: 17/24 MP: 2/2
   838 | D:2      | Reached XP level 3. HP: 21/29 MP: 3/3
   931 | D:2      | Reached skill level 4 in Axes
  1191 | D:2      | Found a shadowy altar of Dithmenos.
  1216 | D:2      | Reached ** piety under Trog
  1330 | D:2      | Reached XP level 4. HP: 24/35 MP: 4/4
  1410 | D:2      | Reached skill level 1 in Shields
  2195 | D:3      | Noticed Ijyb
  2203 | D:3      | Killed Ijyb
  2271 | D:3      | Gained mutation: You are partially covered in thin metallic
                  | scales. (AC +2) [demonic ancestry]
  2271 | D:3      | Reached XP level 5. HP: 39/41 MP: 5/5
  2407 | D:3      | Found a bloodstained altar of Trog.
  2422 | D:3      | Reached skill level 5 in Axes
  2666 | D:3      | Found a sacrificial altar of Ru.
  2666 | D:3      | Found a stormy altar of Qazlal.
  2815 | D:4      | Reached *** piety under Trog
  2888 | D:4      | Gained mutation: You have sharp fingernails. [demonic
                  | ancestry]
  2888 | D:4      | Reached XP level 6. HP: 46/47 MP: 6/6
  3483 | D:5      | Entered Level 5 of the Dungeon
  3757 | D:5      | Noticed Duvessa
  3759 | D:5      | Noticed Dowan
  3820 | D:5      | Killed Dowan
  3820 | D:5      | Reached skill level 6 in Axes
  3820 | D:5      | Reached XP level 7. HP: 52/52 MP: 7/7
  3821 | D:5      | Killed Duvessa
  3926 | D:5      | Found Bynobom's Armour Boutique.
  3987 | D:5      | Found a glowing golden altar of the Shining One.
  4166 | D:5      | Reached skill level 7 in Axes
  5001 | D:6      | Found a burning altar of Makhleb.
  5155 | D:6      | Found Afubb's Assorted Antiques.
  5228 | D:6      | Reached **** piety under Trog
  5263 | D:6      | Reached XP level 8. HP: 58/58 MP: 8/8
  5876 | D:6      | Reached skill level 8 in Axes
  6771 | D:7      | Found Pudaq's Magic Scroll Emporium.
  6794 | D:7      | Bought a scroll of remove curse for 39 gold pieces
  6794 | D:7      | Bought a scroll of identify for 26 gold pieces
  6794 | D:7      | Bought a scroll of teleportation for 39 gold pieces
  6794 | D:7      | Bought a scroll of teleportation for 39 gold pieces
  6794 | D:7      | Bought a scroll of teleportation for 39 gold pieces
  6794 | D:7      | Bought a scroll of blinking for 97 gold pieces
  6839 | D:7      | Reached skill level 9 in Axes
  6847 | D:7      | Gained mutation: You regenerate health from kills. [demonic
                  | ancestry]
  6847 | D:7      | Reached XP level 9. HP: 64/64 MP: 9/9
  6932 | D:7      | Found a staircase to the Ecumenical Temple.
  6971 | D:7      | Noticed a boulder beetle
  7000 | D:7      | Killed a boulder beetle
  7000 | D:7      | Reached skill level 5 in Armour
  7025 | D:7      | Found Putij's General Store.
  7125 | D:8      | Found a blossoming altar of Fedhas.
  7467 | D:8      | Reached skill level 10 in Axes
  7488 | D:8      | Reached skill level 5 in Fighting
  8114 | D:9      | Gained mutation: You sometimes gain a little power by
                  | taking damage. [demonic ancestry]
  8114 | D:9      | Reached XP level 10. HP: 67/74 MP: 10/10
  8195 | D:9      | Found a hazy altar of Hepliaklqana.
  8207 | D:9      | Noticed Maggie
  8214 | D:9      | Killed Maggie
  8514 | D:9      | Noticed a two-headed ogre
  8523 | D:9      | Reached skill level 11 in Axes
  8524 | D:9      | Killed a two-headed ogre
  8822 | D:10     | Entered Level 10 of the Dungeon
  8822 | D:10     | Found an opulent altar of Gozag.
  8896 | D:10     | Found a glowing silver altar of Zin.
  9019 | D:10     | Reached skill level 1 in Evocations
  9021 | D:10     | Reached skill level 1 in Throwing
  9183 | D:10     | Noticed a death yak
  9207 | D:10     | Noticed a death yak
  9207 | D:10     | Noticed a death yak
  9214 | D:10     | Reached ***** piety under Trog
  9236 | D:10     | Killed a death yak
  9245 | D:10     | Killed a death yak
  9251 | D:10     | Killed a death yak
  9251 | D:10     | Reached XP level 11. HP: 61/79 MP: 11/11
  9254 | D:10     | Reached skill level 12 in Axes
  9277 | D:10     | Found a staircase to the Lair.
  9383 | D:10     | Found a roughly hewn altar of Beogh.
  9383 | D:10     | Found a staircase to the Orcish Mines.
  9749 | D:10     | Noticed a centaur warrior
  9767 | D:10     | Killed a centaur warrior
  9975 | D:10     | Noticed a centaur warrior
  9982 | D:10     | Killed a centaur warrior
 10071 | D:11     | Found a runed translucent gate.
 10071 | D:11     | Found a runed translucent gate.
 10071 | D:11     | Found a runed translucent gate.
 10072 | D:11     | Found an opulent altar of Gozag.
 10072 | D:11     | Noticed a frost giant
 10073 | D:11     | Noticed p0werm0de's ghost (journeyman MiFi)
 10073 | D:11     | Noticed a purple ugly thing
 10129 | D:11     | Noticed Erolcha
 10137 | D:11     | Noticed a two-headed ogre
 10165 | D:10     | Killed a two-headed ogre
 10526 | D:11     | Received a gift from Trog
 10537 | D:11     | Killed Erolcha
 10903 | D:11     | Noticed a seven-headed hydra
 10915 | D:11     | Killed a seven-headed hydra
 10915 | D:11     | Reached skill level 13 in Axes
 10915 | D:11     | Reached skill level 5 in Evocations
 11391 | Lair:1   | Entered Level 1 of the Lair of Beasts
 11549 | Lair:1   | Found an ornate altar of the Wu Jian Council.
 11629 | Lair:1   | Reached XP level 12. HP: 86/86 MP: 12/12
 11633 | Lair:1   | Noticed Gastronok
 11675 | Lair:1   | Killed Gastronok
 11675 | Lair:1   | Reached skill level 5 in Throwing
 11783 | Lair:1   | Noticed a five-headed hydra
 11792 | Lair:1   | Killed a one-headed hydra
 12718 | Lair:1   | Noticed Harold
 12730 | Lair:1   | Killed Harold
 13218 | Lair:2   | Got an ancient plate armour
 13298 | Lair:2   | Reached skill level 14 in Axes
 13433 | Lair:2   | Found a one-way gate to the infinite horrors of the Abyss.
 13433 | Lair:2   | Noticed PanSaczeczos's ghost (journeyman DrCj)
 13433 | Lair:2   | Noticed a seven-headed hydra
 13441 | Lair:2   | Killed a three-headed hydra
 13549 | Lair:2   | Found a transporter.
 13566 | Lair:2   | Found the +6 shillelagh "Devastator" {shatter}
 13773 | Lair:2   | Noticed a red very ugly thing
 13795 | Lair:2   | Found a transporter.
 13986 | Lair:3   | Found a runed translucent gate.
 13986 | Lair:3   | Found a runed translucent gate.
 13986 | Lair:3   | Found a runed translucent gate.
 13986 | Lair:3   | Noticed Wuut Fui's ghost (journeyman DECj)
 13986 | Lair:3   | Noticed Siteim's ghost (journeyman MiAK)
 13987 | Lair:3   | Noticed Kiuman's ghost (journeyman TeAE)
 14012 | Lair:3   | Reached skill level 10 in Armour
 14095 | Lair:3   | Received a gift from Trog
 14098 | Lair:3   | Got a fading battleaxe {god gift}
 14099 | Lair:3   | Identified the +9 battleaxe of Trog's Indignation {vorpal,
                  | MR+ Dex+4} (Trog gifted it to you on level 3 of the Lair of
                  | Beasts)
 14104 | Lair:3   | Identified the +13 plate armour of Morality {rN+ Str+5
                  | Int-3 Dex+3} (You found it on level 2 of the Lair of
                  | Beasts)
 14141 | Lair:3   | Noticed Urug
 14158 | Lair:3   | Killed Urug
 14359 | Lair:3   | Gained mutation: You have very sharp fingernails. [demonic
                  | ancestry]
 14359 | Lair:3   | Reached XP level 13. HP: 91/91 MP: 13/13
 14837 | Lair:3   | Found a staircase to the Snake Pit.
 15067 | Lair:4   | Reached skill level 15 in Axes
 15124 | Lair:4   | Found a staircase to the Shoals.
 15338 | Lair:4   | Noticed Snorg
 15351 | Lair:4   | Killed Snorg
 15860 | Lair:5   | Noticed Kirke
 15871 | Lair:5   | Killed Kirke
 15935 | Lair:5   | Found a staircase to the Slime Pits.
 16721 | Lair:5   | Reached skill level 16 in Axes
 16890 | Lair:5   | Noticed Nessos
 16915 | Lair:5   | Killed Nessos
 17355 | Lair:6   | Entered Level 6 of the Lair of Beasts
 17377 | Lair:6   | Received a gift from Trog
 17491 | Lair:6   | Reached XP level 14. HP: 98/98 MP: 14/14
 17824 | Lair:6   | Reached ****** piety under Trog
 17824 | Lair:6   | Received a gift from Trog
 17831 | Lair:6   | Found a burning altar of Makhleb.
 17884 | Lair:6   | Found a gateway to Hell.
 17889 | Lair:6   | Reached skill level 17 in Axes
 18915 | Orc:1    | Entered Level 1 of the Orcish Mines
 19033 | Orc:1    | Received a gift from Trog
 19401 | Orc:2    | Entered Level 2 of the Orcish Mines
 19428 | Orc:2    | Found a staircase to the Elven Halls.
 19449 | Orc:2    | Noticed Jorgrun
 19461 | Orc:2    | Killed Jorgrun
 19497 | Orc:1    | Found a roughly hewn altar of Beogh.
 19552 | Orc:1    | Received a gift from Trog
 19910 | Orc:2    | Found Coaheas's General Store.
 19914 | Orc:2    | Bought a scroll of identify for 30 gold pieces
 19914 | Orc:2    | Bought a scroll of fear for 52 gold pieces
 19914 | Orc:2    | Bought a scroll of noise for 15 gold pieces
 20005 | Orc:2    | Reached XP level 15. HP: 91/103 MP: 15/15
 20012 | Orc:2    | Found Fifuj's Gadget Emporium.
 20012 | Orc:2    | Found Teow's Distillery.
 20030 | Orc:2    | Found Dorphia's Weapon Emporium.
 20030 | Orc:2    | Found Ameik's General Store.
 20039 | Orc:2    | Bought a scroll of identify for 30 gold pieces
 20039 | Orc:2    | Bought a scroll of identify for 30 gold pieces
 20039 | Orc:2    | Bought 2 scrolls of teleportation for 90 gold pieces
 20041 | Orc:2    | Bought a potion of heal wounds for 50 gold pieces
 20041 | Orc:2    | Bought a potion of heal wounds for 50 gold pieces
 20041 | Orc:2    | Bought a potion of curing for 30 gold pieces
 20041 | Orc:2    | Bought a potion of haste for 100 gold pieces
 20164 | D:11     | Killed a frost giant
 20164 | D:11     | Reached skill level 18 in Axes
 20170 | D:11     | Killed p0werm0de's ghost
 20800 | D:12     | Found a runed translucent gate.
 20800 | D:12     | Found a runed translucent gate.
 20802 | D:12     | Found a runed translucent gate.
 20803 | D:12     | Noticed Yendr0's ghost (journeyman DDFi)
 20836 | D:12     | Killed Yendr0's ghost
 20836 | D:12     | Received a gift from Trog
 21283 | D:13     | Found a gate to the Vaults.
 21865 | D:13     | Found Jat Bya's Gadget Shoppe.
 22008 | D:14     | Found a gate leading to a gauntlet.
 22023 | Gauntlet | Entered a Gauntlet
 22023 | Gauntlet | Found a transporter.
 22023 | Gauntlet | Found a transporter.
 22050 | Gauntlet | Found a transporter.
 22060 | Gauntlet | Found a transporter.
 22075 | Gauntlet | Found a transporter.
 22090 | Gauntlet | Found a transporter.
 22100 | Gauntlet | Found a transporter.
 22106 | Gauntlet | Found a transporter.
 22120 | Gauntlet | Found a transporter.
 22137 | Gauntlet | Found a transporter.
 22141 | Gauntlet | Found a transporter.
 22226 | Gauntlet | Found a transporter.
 22338 | Gauntlet | Got a polished helmet
 22339 | Gauntlet | Identified the cursed +0 helmet of the Countless Leylines
                  | {-Tele rElec rC++ Dex+8} (You found it in a Gauntlet)
 22452 | Gauntlet | Identified the cursed +2 hand axe of the Immovable Artisans
                  | {freeze, *Contam +Fly rPois Int+4 Stlth+}
 22962 | D:14     | Received a gift from Trog
 23020 | D:14     | Found an iron altar of Okawaru.
 23259 | D:14     | Found a runed translucent gate.
 23259 | D:14     | Found a runed translucent gate.
 23259 | D:14     | Found a runed translucent gate.
 23259 | D:14     | Identified the cursed +1 leather armour of Eheubbid {rC+
                  | Int+3 Stlth+}
 23260 | D:14     | Noticed a frost giant
 23260 | D:14     | Identified the +4 broad axe "Uvebomp" {vorpal, rElec Str+8
                  | Stlth+}
 23263 | D:14     | Noticed Rupert
 23278 | D:14     | Killed Rupert
 23321 | D:14     | Noticed Zenexuts's ghost (journeyman DsFi)
 23327 | D:14     | Found an iron altar of Okawaru.
 23624 | D:14     | You fall into a shaft and drop 1 floor!
 23624 | D:15     | Entered Level 15 of the Dungeon
 23978 | D:14     | Killed a frost giant
 23979 | D:14     | Reached skill level 19 in Axes
 23984 | D:14     | Killed Zenexuts's ghost
 24083 | D:15     | Gained mutation: You are mostly covered in thin metallic
                  | scales. (AC +3) [demonic ancestry]
 24083 | D:15     | Reached XP level 16. HP: 94/109 MP: 16/16
 24184 | D:15     | Found a staircase to the Depths.
 24660 | Elf:1    | Entered Level 1 of the Elven Halls
 25147 | Elf:1    | Received a gift from Trog
 25819 | Elf:1    | Reached skill level 10 in Throwing
 26644 | Elf:2    | Found a large runed translucent door.
 26644 | Elf:2    | Found a large runed translucent door.
 26689 | Elf:2    | Found a large runed translucent door.
 26689 | Elf:2    | Found a large runed translucent door.
 27157 | Elf:2    | Received a gift from Trog
 27250 | Elf:2    | Reached skill level 20 in Axes
 27480 | Elf:2    | Noticed a deep elf blademaster
 27488 | Elf:2    | Killed a deep elf blademaster
 27597 | Elf:2    | Gained mutation: You sometimes gain power by taking damage.
                  | [demonic ancestry]
 27597 | Elf:2    | Reached XP level 17. HP: 46/115 MP: 17/17
 28159 | Elf:3    | Entered Level 3 of the Elven Halls
 28631 | Elf:3    | Found Hioph's Antique Weapon Boutique.
 28772 | Elf:3    | Gained mutation: Scrolls take you a little longer to read.
                  | [a neqoxec]
 29039 | Elf:3    | Identified the ring of Noegewy {Fire +Inv Str-4 Int+10
                  | Dex-4}
 29334 | Elf:3    | Noticed a deep elf blademaster
 29345 | Elf:3    | Killed a deep elf blademaster
 29620 | Elf:3    | Noticed a Brimstone Fiend
 29940 | Elf:2    | Lost mutation: Scrolls take you a little longer to read.
                  | [potion of mutation]
 29940 | Elf:2    | Gained mutation: You tend to lose your temper in combat.
                  | [potion of mutation]
 29940 | Elf:2    | Lost mutation: You tend to lose your temper in combat.
                  | [potion of mutation]
 29958 | Elf:3    | Noticed a deep elf blademaster
 29972 | Elf:3    | Killed a deep elf blademaster
 30192 | Elf:3    | Identified the +2 robe of Springtime {rC- rCorr Str+4 SInv}
 30197 | Elf:3    | Reached skill level 15 in Armour
 30422 | Elf:3    | Identified the +7 quarterstaff of Hawethiud {vamp, rC+}
 30470 | Elf:3    | Identified the +2 steam dragon scales "Hieb Kyi" {-Cast
                  | MR++}
 30470 | Elf:3    | Noticed a deep elf master archer
 30493 | Elf:3    | Killed a deep elf master archer
 30778 | Elf:3    | Noticed a Brimstone Fiend
 30807 | Elf:3    | Received a gift from Trog
 31109 | Elf:3    | Identified a scroll of acquirement
 31121 | Elf:3    | Acquired a manual of Throwing
 31199 | Elf:3    | Found the +0 sword of Power
 31452 | Elf:3    | Noticed a deep elf master archer
 31475 | Elf:3    | Killed a deep elf master archer
 31879 | Snake:1  | Entered Level 1 of the Snake Pit
 32348 | Snake:1  | Noticed Aizul
 32378 | Snake:1  | Killed Aizul
 32387 | Snake:1  | Reached skill level 21 in Axes
 32748 | Snake:1  | Found Myliw's Jewellery Shop.
 32749 | Snake:1  | Found Bigy's Gadget Emporium.
 32749 | Snake:1  | Found Binoj's Gadget Emporium.
 32757 | Snake:1  | Bought an uncursed ring of see invisible for 180 gold
                  | pieces
 33266 | Snake:2  | Received a gift from Trog
 33374 | Snake:2  | Gained mutation: You have claws for hands. [demonic
                  | ancestry]
 33374 | Snake:2  | Reached XP level 18. HP: 109/121 MP: 14/18
 34501 | Snake:3  | Identified the +0 pair of gloves "Naxuc" {Regen+ Str+9 SInv
                  | Stlth-}
 34501 | Snake:3  | Noticed Nikola
 34520 | Snake:3  | Killed Nikola
 35472 | Snake:3  | Received a gift from Trog
 35958 | Snake:4  | Entered Level 4 of the Snake Pit
 37458 | Snake:4  | Received a gift from Trog
 39130 | Snake:4  | Reached skill level 5 in Dodging
 39299 | Snake:4  | Received a gift from Trog
 39578 | Snake:4  | Reached skill level 15 in Throwing
 39756 | Snake:4  | Got a serpentine rune of Zot
 40263 | Shoals:1 | Entered Level 1 of the Shoals
 40263 | Shoals:1 | Found Mawenifa's Magic Scroll Shoppe.
 40295 | Shoals:1 | Gained mutation: You regenerate a lot of health from kills.
                  | [demonic ancestry]
 40295 | Shoals:1 | Reached XP level 19. HP: 92/134 MP: 19/19
 40305 | Shoals:1 | Found Duorauti's Assorted Antiques.
 40497 | Shoals:1 | Bought a scroll of identify for 22 gold pieces
 40497 | Shoals:1 | Bought 3 scrolls of teleportation for 99 gold pieces
 40497 | Shoals:1 | Bought a scroll of brand weapon for 220 gold pieces
 40497 | Shoals:1 | Bought a scroll of identify for 22 gold pieces
 40497 | Shoals:1 | Bought a scroll of teleportation for 33 gold pieces
 40497 | Shoals:1 | Bought a scroll of teleportation for 33 gold pieces
 40512 | Shoals:1 | Found a transporter.
 40519 | Shoals:1 | Found a transporter.
 40520 | Shoals:1 | Identified the +4 demon trident of the Devouring Seer
                  | {flame, Str+2}
 40521 | Shoals:1 | Noticed Buowofek's ghost (journeyman MiFi)
 40523 | Shoals:1 | Identified the +7 trident "Fuoqom" {venom, Str-3 Int+3
                  | Dex+5}
 40549 | Shoals:1 | Found a flickering gateway to a bazaar.
 40622 | Shoals:1 | Found a frozen archway.
 40631 | IceCv    | Entered an ice cave
 40788 | IceCv    | Received a gift from Trog
 41569 | Shoals:1 | Found a bloodstained altar of Trog.
 41632 | Shoals:1 | Found a transporter.
 41729 | Shoals:1 | Received a gift from Trog
 41891 | Shoals:1 | Bought an ichor-stained helmet for 361 gold pieces
 41891 | Shoals:1 | Identified the cursed -2 helmet of the Fiddle {rF+ Int+4}
                  | (You bought it in a shop on level 1 of the Shoals)
 42002 | Shoals:1 | Found a transporter.
 42007 | Shoals:1 | Identified the ring "Aczuylaq" {Int+5 Stlth+}
 42225 | Shoals:2 | Found an ancient bone altar of Kikubaaqudgha.
 42580 | Shoals:2 | Reached skill level 22 in Axes
 42747 | Shoals:2 | HP: 4/138 [drowned by a drowned soul[a merfolk avatar]
                  | (14)]
 43682 | Shoals:3 | Received a gift from Trog
 44157 | Shoals:3 | Noticed Ilsuiw
 44216 | Shoals:3 | Killed Ilsuiw
 44943 | Shoals:4 | Entered Level 4 of the Shoals
 44989 | Shoals:4 | Received a gift from Trog
 45188 | Shoals:4 | Got a barnacled rune of Zot
 45344 | Shoals:4 | Reached skill level 10 in Fighting
 45907 | Shoals:4 | Reached XP level 20. HP: 102/147 MP: 20/20
 46745 | Vaults:1 | Entered Level 1 of the Vaults
 47282 | Vaults:1 | Received a gift from Trog
 47394 | Vaults:1 | Found Vatemut's General Store.
 47402 | Vaults:1 | Bought the ring of the Mage {Wiz MR++ Int+3} for 878 gold
                  | pieces
 47402 | Vaults:1 | Found the ring of the Mage {Wiz MR++ Int+3}
 47988 | Vaults:1 | Received a gift from Trog
 48600 | Vaults:2 | Received a gift from Trog
 48656 | Vaults:2 | Found Uzasyrry's Assorted Antiques.
 48702 | Vaults:2 | Found Ruocsose's Armour Shoppe.
 49129 | Vaults:2 | Found a staircase to the Crypt.
 49389 | Vaults:2 | Noticed Mara
 49392 | Vaults:2 | Noticed Azzok's illusion
 49405 | Vaults:2 | Reached skill level 10 in Dodging
 49624 | Vaults:2 | Noticed Azzok's illusion
 49630 | Vaults:2 | Killed Mara
 49881 | Vaults:3 | Received a gift from Trog
 49905 | Vaults:3 | Noticed Bai Suzhen
 49918 | Vaults:3 | Killed Bai Suzhen
 49918 | Vaults:3 | Reached XP level 21. HP: 158/158 MP: 21/21
 50156 | Vaults:3 | Received a gift from Trog
 50235 | Vaults:3 | Found Sosenih's Weapon Emporium.
 50372 | Vaults:3 | Received a gift from Trog
 50557 | Vaults:3 | Acquired the +3 pair of boots "Ejepuq" {MR+ rCorr}
 51114 | Vaults:3 | Reached skill level 23 in Axes
 51253 | Vaults:4 | Noticed Mennas
 51284 | Vaults:4 | Paralysed by a floating eye for 4 turns
 51302 | Vaults:4 | Cast into level 3 of the Abyss (vault guard)
 51302 | Abyss:3  | Found a corrupted altar of Lugonu.
 51451 | Abyss:3  | Received a gift from Trog
 51503 | Abyss:3  | Found a glowing golden altar of the Shining One.
 51537 | Abyss:3  | Noticed a juggernaut
 51549 | Abyss:3  | Killed a juggernaut
 51553 | Abyss:3  | Got an abyssal rune of Zot
 51558 | Vaults:4 | Escaped the Abyss
 51582 | Vaults:4 | Gained mutation: Your magical and physical power is
                  | slightly enhanced at high health. [demonic ancestry]
 51582 | Vaults:4 | Reached XP level 22. HP: 169/169 MP: 22/22
 51821 | Vaults:4 | Received a gift from Trog
 51824 | Vaults:4 | Noticed Sojobo
 52442 | Depths:1 | Entered Level 1 of the Depths
 52968 | Depths:1 | Received a gift from Trog
 53531 | Depths:1 | Noticed an ancient lich
 53545 | Depths:1 | Killed an ancient lich
 53545 | Depths:1 | Received a gift from Trog
 53723 | Depths:2 | Found Doramete's General Store.
 53747 | Depths:2 | Reached skill level 15 in Fighting
 53802 | Depths:2 | Found a one-way gate leading to the halls of Pandemonium.
 53850 | Depths:2 | Gained mutation: You are powered by pain. [demonic
                  | ancestry]
 53850 | Depths:2 | Reached XP level 23. HP: 145/181 MP: 23/23
 53929 | Depths:2 | Found a flickering gateway to a bazaar.
 53934 | Bazaar   | Entered a bazaar
 53937 | Bazaar   | Found Eckath's General Store.
 53950 | Bazaar   | Found Birukh's Weapon Shop.
 53963 | Bazaar   | Found Lataj's Book Boutique.
 53963 | Bazaar   | Found Ringexo's Gadget Shop.
 54034 | Bazaar   | Bought a manual of Invocations for 993 gold pieces
 54046 | Bazaar   | Bought a potion of heal wounds for 55 gold pieces
 54046 | Bazaar   | Bought a scroll of identify for 22 gold pieces
 54046 | Bazaar   | Bought a potion of heal wounds for 55 gold pieces
 54046 | Bazaar   | Bought a potion of might for 44 gold pieces
 54169 | Depths:2 | Bought a potion of mutation for 136 gold pieces
 54247 | Depths:2 | Found a transporter.
 54642 | Depths:2 | Received a gift from Trog
 54645 | Depths:2 | Reached skill level 24 in Axes
 54884 | Depths:2 | Found a transporter.
 54884 | Depths:2 | Found a corrupted altar of Lugonu.
 55135 | Depths:2 | Paralysed by accursed screaming for 1 turns
 55153 | Depths:2 | Got a scorched glass ring
 55154 | Depths:2 | Identified the ring "Suvazo" {rC+ SInv Stlth+} (You found
                  | it on level 2 of the Depths)
 55494 | Depths:3 | Received a gift from Trog
 55504 | Depths:3 | Noticed a caustic shrike
 55507 | Depths:3 | Paralysed by a floating eye for 3 turns
 55518 | Depths:3 | Paralysed by a floating eye for 3 turns
 55525 | Depths:3 | Killed a caustic shrike
 55526 | Depths:3 | Noticed an ancient lich
 55529 | Depths:3 | Paralysed by a floating eye for 2 turns
 55555 | Depths:3 | Killed an ancient lich
 56078 | Depths:3 | Received a gift from Trog
 56299 | Depths:3 | Noticed a caustic shrike
 56303 | Depths:3 | Noticed a caustic shrike
 56303 | Depths:3 | Noticed a caustic shrike
 56312 | Depths:3 | Killed a caustic shrike
 56319 | Depths:3 | Killed a caustic shrike
 56327 | Depths:3 | Killed a caustic shrike
 56330 | Depths:3 | Found a burning altar of Makhleb.
 56519 | Depths:4 | Noticed the Enchantress
 56664 | Depths:3 | Killed the Enchantress
 56715 | Depths:4 | Found a gateway to a ziggurat.
 56737 | Depths:4 | Gained mutation: Your magical and physical power is
                  | enhanced at high health. [demonic ancestry]
 56737 | Depths:4 | Reached XP level 24. HP: 195/195 MP: 23/23
 56804 | Depths:4 | Identified the ring "Ykhy" {rN+++ MR- MP+9 Int-3 Stlth+}
 56983 | Depths:4 | Found a large runed translucent door.
 56983 | Depths:4 | Found a large runed translucent door.
 57164 | Depths:4 | Reached skill level 25 in Axes
 57174 | Depths:4 | Received a gift from Trog
 57466 | Depths:5 | Entered Level 5 of the Depths
 57611 | Depths:5 | Received a gift from Trog
 57746 | Depths:5 | Paralysed by a floating eye for 4 turns
 57904 | Depths:5 | Found a shadowy altar of Dithmenos.
 57943 | Depths:5 | Found a glowing silver altar of Zin.
 58175 | Depths:5 | Found a stormy altar of Qazlal.
 58198 | Depths:5 | Paralysed by a floating eye for 2 turns
 58202 | Depths:5 | Gained mutation: You are dopey. (Int -2) [a shining eye]
 58207 | Depths:5 | Acquired a manual of Armour
 58226 | Depths:5 | Found a sacrificial altar of Ru.
 58234 | Depths:5 | Received a gift from Trog
 58253 | Depths:5 | Noticed Frederick
 58260 | Depths:5 | Killed Frederick
 58493 | Depths:5 | Found a gate to the Realm of Zot.
 58677 | Depths:5 | Reached XP level 25. HP: 206/206 MP: 23/23
 58726 | Depths:5 | Got a transparent emerald amulet
 58727 | Depths:5 | Identified the amulet "Qastreta" {RegenMP rC- rN+ Str+3
                  | Dex+5} (You found it on level 5 of the Depths)
 58973 | Zot:1    | Entered Level 1 of the Realm of Zot
 59039 | Zot:1    | Received a gift from Trog
 59121 | Zot:1    | HP: 5/208 [quicksilver dragon/bolt of dispelling energy
                  | (19)]
 60010 | Zot:1    | Acquired 625 gold pieces
 60284 | Zot:2    | Received a gift from Trog
 60383 | Zot:2    | Reached skill level 26 in Axes
 62118 | Zot:4    | Received a gift from Trog
 62315 | Zot:4    | Gained mutation: Your magical and physical power is greatly
                  | enhanced at high health. [demonic ancestry]
 62315 | Zot:4    | Reached XP level 26. HP: 218/218 MP: 23/23
 62784 | Zot:4    | Acquired a manual of Dodging
 62921 | Zot:5    | Entered Level 5 of the Realm of Zot
 63779 | Vaults:4 | Killed Mennas
 64303 | Vaults:4 | Received a gift from Trog
 64333 | Vaults:4 | Found Ujiuxana's Assorted Antiques.
 64341 | Vaults:4 | Bought a potion of mutation for 352 gold pieces
 64735 | Vaults:4 | Killed Sojobo
 64758 | Vaults:4 | Found a portal to a secret trove of treasure.
 65174 | Vaults:4 | You paid a toll of +6 fire dragon scales to enter a
                  | treasure trove
 65175 | Trove    | Entered a treasure trove
 65183 | Trove    | Got a faintly glowing crystal plate armour
 65185 | Trove    | Got a pair of heavily runed boots
 65188 | Trove    | Got a pair of distressingly furry boots
 65189 | Trove    | Identified the +4 crystal plate armour of the Forest
                  | {Regen+ Dex+4} (You found it in a treasure trove)
 65200 | Trove    | Identified the +0 pair of boots of Somuomul {Regen+ Dex+6}
                  | (You found it in a treasure trove)
 65201 | Trove    | Identified the +1 pair of boots of Boredom {Harm +Blink}
                  | (You found it in a treasure trove)
 65214 | Trove    | Got a polished helmet
 65215 | Trove    | Identified the +1 helmet of Heresy {rPois Regen+} (You
                  | found it in a treasure trove)
 65299 | Vaults:5 | Entered Level 5 of the Vaults
 65305 | Vaults:5 | Received a gift from Trog
 65371 | Vaults:5 | Noticed an ancient lich
 65493 | Vaults:5 | Reached skill level 15 in Dodging
 65496 | Vaults:5 | Received a gift from Trog
 65625 | Vaults:5 | Gained mutation: You are completely covered in thin
                  | metallic scales. (AC +4, rElec) [demonic ancestry]
 65625 | Vaults:5 | Reached XP level 27. HP: 191/228 MP: 7/23
 65627 | Vaults:5 | Killed an ancient lich
 65951 | Vaults:5 | Received a gift from Trog
 66017 | Vaults:5 | Cast into level 3 of the Abyss (vault warden)
 66056 | Vaults:5 | Escaped the Abyss
 66135 | Vaults:5 | Got an ancient emerald amulet
 66136 | Vaults:5 | Identified the amulet of Ystredez {Inacc rPois Dex+2} (You
                  | found it on level 5 of the Vaults)
 66185 | Vaults:5 | Reached skill level 27 in Axes
 66369 | Vaults:5 | Noticed an ancient lich
 66379 | Vaults:5 | Killed an ancient lich
 66561 | Vaults:5 | Found the +8 arc blade {discharge, rElec}
 66577 | Vaults:5 | Got a silver rune of Zot
 66690 | Vaults:5 | Found Penk's Gadget Shoppe.
 67147 | Zig:1    | Entered Level 1 of a ziggurat
 67165 | Zig:2    | Entered Level 2 of a ziggurat
 67193 | Zig:3    | Entered Level 3 of a ziggurat
 67216 | Zig:4    | Entered Level 4 of a ziggurat
 67253 | Zig:5    | Entered Level 5 of a ziggurat
 67283 | Zig:6    | Entered Level 6 of a ziggurat
 67314 | Zig:6    | Found the +10 morningstar "Eos" {elec, Halo rElec}
 67362 | Zig:7    | Entered Level 7 of a ziggurat
 67404 | Zig:8    | Entered Level 8 of a ziggurat
 67438 | Zig:8    | Got a steaming helmet
 67439 | Zig:8    | Identified the +0 helmet of Seliliucs {rElec MP+9 Int+3}
                  | (You found it on level 8 of a ziggurat)
 67450 | Zig:9    | Entered Level 9 of a ziggurat
 67458 | Zig:9    | Noticed a juggernaut
 67458 | Zig:9    | Noticed a juggernaut
 67459 | Zig:9    | Noticed a juggernaut
 67467 | Zig:9    | Killed a juggernaut
 67471 | Zig:9    | Killed a juggernaut
 67481 | Zig:9    | Killed a juggernaut
 67487 | Zig:9    | Got a transparent lead ring
 67488 | Zig:9    | Identified the ring "Plog" {MP+9 Dex+6} (You found it on
                  | level 9 of a ziggurat)
 67496 | Zig:9    | Got a steaming glass ring
 67497 | Zig:9    | Identified the ring "Niaph" {Ice rElec Dex-4 SInv} (You
                  | found it on level 9 of a ziggurat)
 67501 | Zig:9    | Identified the Compendium of Transformation and the Glacier
 67503 | Zig:9    | Got a fine tin amulet
 67504 | Zig:9    | Identified the amulet of the Leaf {+Inv rC+++ Regen+ Dex-3
                  | Slay+3} (You found it on level 9 of a ziggurat)
 67530 | Zig:10   | Entered Level 10 of a ziggurat
 67575 | Zig:10   | Identified Lag Agag's Catalogue of Changing
 67585 | Zig:11   | Entered Level 11 of a ziggurat
 67603 | Zig:11   | Received a gift from Trog
 67647 | Zig:11   | Got a slimy golden amulet
 67648 | Zig:11   | Identified the amulet "Boipen" {Reflect Fragile rN+++
                  | Slay+4 SH+5} (You found it on level 11 of a ziggurat)
 67667 | Zig:12   | Entered Level 12 of a ziggurat
 67747 | Zig:12   | Identified the Guide on Spatial Air
 67764 | Zig:13   | Entered Level 13 of a ziggurat
 67774 | Zig:13   | Noticed a juggernaut
 67776 | Zig:13   | Noticed a juggernaut
 67797 | Zig:13   | Killed a juggernaut
 67798 | Zig:13   | Killed a juggernaut
 67870 | Zig:14   | Entered Level 14 of a ziggurat
 67878 | Zig:14   | Noticed a juggernaut
 67879 | Zig:14   | Noticed a juggernaut
 67891 | Zig:14   | Noticed a juggernaut
 67894 | Zig:14   | Killed a juggernaut
 67896 | Zig:14   | Noticed a juggernaut
 67898 | Zig:14   | Noticed a juggernaut
 67900 | Zig:14   | Killed a juggernaut
 67904 | Zig:14   | Killed a juggernaut
 67907 | Zig:14   | Killed a juggernaut
 67917 | Zig:14   | HP: 2/233 [juggernaut (25)]
 67917 | Zig:14   | Mangled by a juggernaut

Illustrated notes

Levels and vault maps discovered:
D:1:      elethiomel_arrival_quiet, layout_basic
D:2:      kennysheep_six_static_rooms, layout_loops_cross,
          grunt_dithmenos_smoke_and_mirrors
D:3:      layout_rooms, nicolae_overflow_crystal_walls,
          gammafunk_temple_overflow_statue, uniq_ijyb
D:4:      layout_basic, hangedman_glass_teeth
D:5:      layout_basic, overflow_temple_1_default, serial_shops, shop,
          uniq_duvessa
D:6:      layout_loops_ring, nicolae_overflow_hidden_temple, serial_shops,
          nicolae_shop_window_shopping
D:7:      layout_basic, minmay_temple_entry_grid, serial_shops, shop, shop,
          minmay_misc_feat_ornament, st_stairs_11, hangedman_decor_push
D:8:      layout_loops_ring, fedhas_bush_and_centaur_altar, serial_glass,
          glass_columns_a, glass_columns_b, due_unseen_surprise,
          item_on_display_a
D:9:      layout_irregular_city, overflow_temple_1_default, minmay_misc_feat_x,
          kennysheep_generic_room_6, uniq_maggie
D:10:     layout_irregular_city, dpeg_lair_monsters, david_orc_5,
          hangedman_feature_mirror, wad_mini_maze
D:11:     minmay_skewed_foursquare, layout_rooms, ebering_ghost_gozag,
          kennysheep_generic_room_13, uniq_erolcha
D:12:     layout_loops_corners, gammafunk_ghost_spectres,
          minmay_misc_feat_diagonals
D:13:     layout_irregular_city, lightli_vaults_fourway_checkpoint,
          serial_shops, kennysheep_mini_moat
D:14:     layout_grid_maze, gauntlet_entry_generic,
          gammafunk_ghost_fury_of_okawaru, basic_altar, minivault_14,
          uniq_rupert
D:15:     grunt_enter_depths_hoard, layout_small_grid, hangedman_decor_riveting,
          statue_in_the_mist_lemuel, hangedman_decor_slide_cut,
          minmay_misc_feat_rows, grunt_ministairs_1
Lair:1:   layout_layer_cave, lemuel_centaur_altar, serial_bayou_shore_b,
          uniq_harold, uniq_gastronok
Lair:2:   layout_loops_ring, gammafunk_ghost_abyssal_escape, wad_woods_06
Lair:3:   layout_long_grid, dummy_snake_entry, gammafunk_ghost_cemetery,
          serial_forest, infiniplex_forest_end_3,
          infiniplex_forest_lined_room_2, infiniplex_forest_clump_medium,
          infiniplex_forest_lined_corner, infiniplex_forest_clump_diagonal,
          infiniplex_forest_clump_medium, uniq_urug
Lair:4:   layout_roguey, minmay_shoals_entry_beasts, st_stairs_13,
          grunt_megastairs_4, uniq_snorg
Lair:5:   layout_roguey, minmay_slime_entry_oklob_enclosed,
          kilobyte_rumbling_trees, grunt_megastairs_2, uniq_nessos, uniq_kirke
Lair:6:   evil_forest, layout_regular_city, st_stairs_13, guppyfry_lair_drakes,
          infiniplex_staircase_pool
Shoals:1: gammafunk_sealed_arena, layout_shoals,
          gammafunk_ghost_wrathful_warriors, serial_shops, bzr_entry_safe, shop,
          shop, portal_ice_cave_entry_ugly_swarm
Shoals:2: layout_shoals, lemuel_oklob_altar
Shoals:3: layout_shoals, abandoned_shop, uniq_ilsuiw
Shoals:4: shoals_end_grunt_ice, layout_shoals
Snake:1:  layout_onion, grunt_megastairs_3, lemuel_fruit_tree,
          serial_bayou_shore_b, minmay_shop_grove, uniq_aizul
Snake:2:  layout_honeycomb
Snake:3:  layout_onion_interference, uniq_nikola
Snake:4:  snake_pit, layout_cave_town, st_stairs_2, serial_bayou_pond_b
Orc:1:    nicolae_orc_accident_1, layout_diamond_mine, basic_altar
Orc:2:    grunt_orc_tribal_feast, layout_diamond_mine, serial_shops,
          nicolae_shop_trees, uniq_jorgrun
Elf:1:    layout_loops_corners, hangedman_corner_corridor
Elf:2:    layout_geoelf_octagon
Elf:3:    elf_hall_gauntlet_wide, layout_gridlike, serial_shops, shop
Vaults:1: vaults_room_grunt_arrival_ludios, vaults_room_stairs_pillars,
          ontoclasm_vaults_shuriken, v_misc_28, ontoclasm_vaults_ring_small,
          vaults_mumra_lcd, v_alt_pattern_1, v_misc_19, vaults_room_octagon,
          hangedman_vaults_unwind, vaults_dpeg_spiral,
          nicolae_vaults_specimen_jars, nicolae_vaults_ring_of_whatevers,
          layout_vaults_omnibox, serial_shops, shop
Vaults:2: minmay_crypt_entry_simple_sparse, v_misc_4, vaults_mumra_hex,
          vaults_room_fours, nicolae_vaults_what_the_h, v_misc_15,
          vaults_dpeg_diagonal, dpeg_vaults_monster_box, layout_vaults_omnigrid,
          serial_shops, shop, nicolae_shop_stone, uniq_mara
Vaults:3: v_misc_29, vaults_room_large_hall, hangedman_vaults_river_flow,
          vaults_mumra_bighexcomb, v_rooms_4, vaults_dpeg_hooks, v_misc_27,
          vaults_mumra_chevron, nicolae_vaults_angled_halls,
          hangedman_vaults_slice, v_misc_15, nicolae_vaults_rhombus_5,
          layout_vaults_omnicross, serial_shops, nicolae_shop_crystal,
          uniq_bai_suzhen
Vaults:4: st_greater_box_3, v_misc_13, vaults_room_door_hall,
          nicolae_vaults_windows_and_doors_thing, v_misc_17, v_misc_24,
          vaults_room_stairs_pillars, hangedman_vaults_pinch,
          hangedman_vaults_trim, dpeg_vaults_monster_row, v_pattern_3,
          v_alt_pattern_3, v_misc_25, layout_vaults_maze,
          nicolae_trove_entry_free_sample, serial_shops, shop, uniq_sojobo,
          uniq_mennas
Vaults:5
Depths:1: layout_gridlike, minmay_holes, hangedman_coc_ice_floe, special_room
          [special_room_morgue], hex_intersection,
          minmay_checkered_concentric_circles
Depths:2: gammafunk_corrupted_shrine, layout_cave_pools, serial_shops,
          bzr_entry_dummy, shop, grunt_pan_entry_in_and_out, hell_entry
Depths:3: thingy_vault, layout_long_grid, hell_entry, grunt_pan_entry_spiral,
          minmay_door_square, argonaut_fire_from_heaven
Depths:4: lightli_eight_chambers, layout_cave_pools, enter_ziggurat_e,
          hell_entry, abyss_entry_crystal, minmay_misc_feat_cross,
          uniq_enchantress
Depths:5: grunt_profane_halls [grunt_profane_temple_geh,
          grunt_profane_temple_tar, grunt_profane_temple_coc,
          grunt_profane_temple_dis, grunt_zot_portal], serial_shops, hell_entry,
          uniq_frederick
Zot:1:    layout_onion_interference
Zot:2:    layout_twisted_circle
Zot:3:    minmay_elemental_castle, layout_gridlike
Zot:4:    layout_misc_corridors
Zot:5:    layout_misc_corridors
Zig:14

Skill      XL: |  1  2  3  4  5  6  7  8  9 10 11 12 13 14 15 16 17 18 19 20 21 22 23 24 25 26 27 |
---------------+----------------------------------------------------------------------------------+-----
Axes           | 3 4 5 6 7 9 10 11 13 14 16 17 19 20 21 22 23 24 25 26 27 | 27.0
Shields        | 2 4 |  4.0
Armour         | 2 4 6 7 8 10 11 12 13 14 15 17 20 | 20.0
Fighting       | 5 7 10 11 13 15 17 18 20 21 22 | 22.7
Evocations     | 2 5 6 8 |  8.4
Throwing       | 2 4 5 8 11 13 15 16 17 18 19 20 22 | 22.0
Dodging        | 5 8 10 11 12 15 18 | 18.2

Action                   |  1- 3 |  4- 6 |  7- 9 | 10-12 | 13-15 | 16-18 | 19-21 | 22-24 | 25-27 || total
-------------------------+-------+-------+-------+-------+-------+-------+-------+-------+-------++-------
Melee: Hand axe          |   127 |   149 |       |       |       |       |       |       |       ||   276
       War axe           |       |    98 |    60 |       |       |       |       |       |       ||   158
       Broad axe         |       |       |   270 |   311 |       |       |       |       |       ||   581
       Battleaxe         |       |       |       |   232 |   957 |  1281 |  1073 |    89 |       ||  3632
       Executioner's axe |       |       |       |       |       |       |   554 |  1264 |  1200 ||  3018
Throw: Throwing net      |       |       |       |     4 |       |     4 |     4 |     1 |       ||    13
Invok: Berserk           |     1 |     3 |     3 |     7 |    10 |     7 |     9 |     4 |     4 ||    48
       Trog's Hand       |       |     1 |       |     2 |     5 |     3 |     4 |     2 |     3 ||    20
       Brothers in Arms  |       |       |       |       |       |       |     1 |       |     1 ||     2
Evoke: Wand              |       |       |     2 |     7 |     2 |     1 |       |       |     8 ||    20
       Lightning rod     |       |       |       |       |       |     1 |     1 |     6 |       ||     8
  Use: Scroll            |       |       |    13 |     4 |    15 |     9 |     8 |     9 |    34 ||    92
       Potion            |       |       |       |       |     1 |     4 |     2 |     3 |    13 ||    23
 Stab: Distracted        |       |       |       |       |       |     2 |     2 |       |       ||     4
       Confused          |       |       |       |       |       |       |       |       |     1 ||     1
Armor: Leather armour    |    35 |    19 |       |       |       |       |       |       |       ||    54
       Chain mail        |       |    90 |    25 |       |       |       |       |       |       ||   115
       Crystal plate arm |       |       |   216 |   415 |       |       |       |       |   612 ||  1243
       Plate armour      |       |       |       |    23 |   864 |   849 |  1200 |  1086 |   521 ||  4543
Dodge: Dodged            |    94 |    98 |    94 |   226 |   547 |   437 |  1081 |  1184 |  1130 ||  4891
Block: Buckler           |     2 |    46 |    99 |    75 |       |       |       |       |       ||   222

Table legend: (Time is in decaauts)
 A = Elapsed time spent in this place.
 B = Non-inter-level travel time spent in this place.
 C = Inter-level travel time spent in this place.
 D = Time resting spent in this place.
 E = Time spent auto-exploring this place.
 F = Levels seen in this place.
 G = Mean time per level.
                   A        B        C        D        E       F      G
               +--------+--------+--------+--------+--------+-----+--------+
         Total |  67290 |  63445 |   3845 |  12558 |  35047 |  69 |  975.2 |
       Dungeon |  16030 |  14765 |   1265 |   2141 |   9477 |  15 | 1068.7 |
          Lair |   7902 |   7399 |    503 |    998 |   5058 |   6 | 1317.0 |
        Shoals |   5458 |   5283 |    175 |   1282 |   2566 |   4 | 1364.5 |
     Snake Pit |   8188 |   7992 |    196 |   2334 |   4367 |   4 | 2047.0 |
  Orcish Mines |   1229 |   1094 |    135 |     37 |    755 |   2 |  614.5 |
   Elven Halls |   6980 |   6746 |    234 |   2123 |   3176 |   3 | 2326.7 |
        Vaults |   8228 |   7444 |    784 |   1441 |   3770 |   5 | 1645.6 |
        Depths |   6856 |   6440 |    416 |   1333 |   3037 |   5 | 1371.2 |
           Zot |   3794 |   3660 |    134 |    501 |   2322 |   5 |  758.8 |
         Abyss |    265 |    265 |      0 |     24 |     10 |   2 |  132.5 |
      Ziggurat |    678 |    678 |      0 |      4 |      0 |  14 |   48.4 |
        Bazaar |    131 |    131 |      0 |      0 |     75 |   1 |  131.0 |
         Trove |     56 |     56 |      0 |      0 |      0 |   1 |   56.0 |
      Ice Cave |    884 |    884 |      0 |    173 |    413 |   1 |  884.0 |
      Gauntlet |    605 |    605 |      0 |    164 |     16 |   1 |  605.0 |
               +--------+--------+--------+--------+--------+-----+--------+

Top non-repeatable levels by time:
   Elf:3: 3163 daAuts
 Snake:3: 3063 daAuts
 Snake:4: 2574 daAuts
   Elf:2: 2351 daAuts
Vaults:4: 2104 daAuts
Depths:5: 1973 daAuts
Vaults:2: 1779 daAuts
    D:10: 1752 daAuts
  Lair:1: 1707 daAuts
Vaults:3: 1684 daAuts
Vaults:1: 1666 daAuts
Shoals:4: 1642 daAuts
  Lair:5: 1613 daAuts
Depths:1: 1598 daAuts
     D:5: 1556 daAuts
